 Dungeon Crawl Stone Soup version 0.29-a0-41-g89e12c0570 (webtiles) character file.

Game seed: 6933311597728829671

2 Grim the Vexing (level 1, -2/11 HPs)
             Began as a Deep Elf Arcane Marksman on Feb 2, 2022.
             Slain by a jackal (3 damage)
             ... on level 1 of the Dungeon.
             The game lasted 00:00:35 (59 turns).

Grim the Vexing (Deep Elf Arcane Marksman)            Turns: 59, Time: 00:00:36

Health: -2/11      AC:  2    Str:  7    XL:     1   Next: 33%
Magic:  5/5        EV: 12    Int: 17    God:
Gold:   0          SH:  0    Dex: 15    Spells: 2/3 levels left

rFire   . . .      SeeInvis .   a - +0 shortbow
rCold   . . .      Faith    .   (shield currently unavailable)
rNeg    . . .      Spirit   .   d - +0 robe
rPois   .          Reflect  .   (no helmet)
rElec   .          Harm     .   (no cloak)
rCorr   .          Rampage  .   (no gloves)
Will    .....                   (no boots)
Stlth   +.........              (no amulet)
HPRegen 0.03/turn               (no ring)
MPRegen 0.09/turn               (no ring)

@: no status effects
A: no striking features
a: no special abilities


You were on level 1 of the Dungeon.
You visited 1 branch of the dungeon, and saw 1 of its levels.

Inventory:

Hand Weapons
 a - a +0 shortbow (weapon)
Missiles
 c - 12 arrows (quivered ammo)
Armour
 d - a +0 robe (worn)


   Skills:
 - Level 0.7 Fighting
 + Level 2.9 Bows
 - Level 2.4 Dodging
 - Level 1.5 Spellcasting
 + Level 4.1 Hexes


You had 2 spell levels left.
You knew the following spells:

 Your Spells              Type           Power      Damage    Failure   Level
a - Slow                  Hex            60%        N/A       3%          1

Your spell library contained the following spells:

 Spells                   Type           Power      Damage    Failure   Level
 Inner Flame              Hex/Fire       8%         N/A       26%         3
 Portal Projectile        Hex/Tloc       16%        N/A       26%         3
 Cause Fear               Hex            7%         N/A       36%         4


Dungeon Overview and Level Annotations

Branches:
Dungeon (1/15)

Altars:


Message History

A jackal comes into view.
A jackal is nearby!
You shoot an arrow. The arrow hits the jackal.
The jackal barks!
The jackal is moderately wounded.
You hear a shout!
A jackal comes into view.
You shoot an arrow. The arrow barely misses the jackal.
The jackal barks!
You shoot an arrow. The arrow hits the jackal.
The jackal is almost dead.
A giant cockroach comes into view.
You shoot an arrow. The arrow closely misses the jackal.
You shoot an arrow. The arrow barely misses the jackal.
You shoot an arrow. The arrow hits the jackal.
You kill the jackal!
You shoot an arrow. The arrow misses the jackal.
The jackal closely misses you.
A hobgoblin comes into view.
The jackal closely misses you.
You shoot an arrow. The arrow barely misses the jackal.
The jackal closely misses you. x2
You are now empty-handed.
The giant cockroach barely misses you. The jackal bites you.
a - a +0 shortbow (weapon)
The jackal barely misses you. The jackal misses you. The jackal bites you.
* * * LOW HITPOINT WARNING * * *
The jackal barely misses you. The jackal bites you.
* * * LOW HITPOINT WARNING * * *
A giant cockroach and a bat come into view.
The jackal misses you.
Found 19 bolts.
The jackal bites you.
* * * LOW HITPOINT WARNING * * *
The bat barely misses you. The bat closely misses you. The bat misses you.
The bat barely misses you. x2; The jackal bites you.
You die...

....#...#
... #.#.#
.. #.#.# .
#.#g# ..#.#
# #.#
##B###
#.h..#
#b@..#
#........#
...#..B...#
. ###..(.#
#....#
#....#
#....#
#....#


You could see a jackal, 2 giant cockroaches, a hobgoblin and a bat.

Vanquished Creatures
  A jackal (D:1)
  A quokka (D:1)
2 creatures vanquished.

Notes
Turn   | Place    | Note
-------+----------+-------------------------------------------
     0 | D:1      | Grim the Deep Elf Arcane Marksman began the quest for the
                  | Orb.
     0 | D:1      | Reached XP level 1. HP: 11/11 MP: 5/5
    59 | D:1      | Slain by a jackal

Illustrated notes

Levels and vault maps discovered:
D:1:      ebering_hopf_link, layout_rooms,
          dreamdust_ecumenical_altar_drowned_temple, minmay_misc_feat_encased,
          minmay_heptomino_h4

Action                   || total
-------------------------++-------
 Fire: Shortbow          ||     9
Dodge: Dodged            ||    14

Table legend: (Time is in decaauts)
 A = Elapsed time spent in this place.
 B = Non-inter-level travel time spent in this place.
 C = Inter-level travel time spent in this place.
 D = Time resting spent in this place.
 E = Time spent auto-exploring this place.
 F = Levels seen in this place.
 G = Mean time per level.
                   A        B        C        D        E       F      G
               +--------+--------+--------+--------+--------+-----+--------+
         Total |     59 |     59 |      0 |      0 |     23 |   1 |   59.0 |
       Dungeon |     59 |     59 |      0 |      0 |     23 |   1 |   59.0 |
               +--------+--------+--------+--------+--------+-----+--------+

Top non-repeatable levels by time:
     D:1: 59 daAuts
